 Dungeon Crawl Stone Soup version 0.31.0-32-g396128a36d (webtiles) character file.

Game seed: 2303102473170060296

95 Fractals the Sneak (level 4, -3/37 HPs)
             Began as a Merfolk Brigand on Apr 9, 2024.
             Killed from afar by an orc wizard (5 damage)
             ... with a magic dart
             ... on level 3 of the Dungeon.
             The game lasted 00:05:09 (2010 turns).

Fractals the Sneak (Merfolk Brigand)                Turns: 2010, Time: 00:05:09

Health: -3/37      AC:  5    Str: 13    XL:     4   Next: 65%
Magic:  1/1        EV: 12    Int: 10    God:
Gold:   164        SH:  0    Dex: 15    Spells: 3/3 levels left

rFire   . . .        k - +0 dagger (antimagic)
rCold   + . .        (no shield)
rNeg    . . .        b - +0 robe
rPois   .            q - +0 helmet
rElec   .            c - +0 cloak
rCorr   .            u - +0 pair of gloves
SInv    .            (no boots)
Will    .....        (no amulet)
Stlth   +            l - ring of protection from cold
HPRegen 0.26/turn    (no ring)
MPRegen 0.07/turn

%: no passive effects
@: confused
A: (nimble swimmer 2), mertail
a: no special abilities


You were on level 3 of the Dungeon.
You visited 1 branch of the dungeon, and saw 3 of its levels.

You collected 164 gold pieces.

Inventory:

Hand Weapons
 a - a +2 dagger
 i - a +1 dagger of freezing
 k - a +0 antimagic dagger (weapon)
Missiles
 d - 6 poisoned darts (quivered)
 e - 3 curare-tipped darts
Armour
 b - a +0 robe (worn)
 c - a +0 cloak (worn)
 q - a +0 helmet (worn)
 u - a +0 pair of gloves (worn)
Jewellery
 l - a ring of protection from cold (left hand)
Scrolls
 f - a scroll of teleportation
 n - a scroll of fog {unknown}
 o - a scroll of vulnerability {unknown}
 p - 4 scrolls of identify {unknown}
 r - a scroll of noise {unknown}
 t - a scroll of torment {unknown}
 y - a scroll of poison {unknown}
Potions
 g - 3 potions of cancellation {unknown}
 h - a potion of mutation {unknown}
 j - a potion of lignification {unknown}
 m - 4 potions of curing {unknown}
 s - a potion of attraction {unknown}
 v - a potion of enlightenment {unknown}
 w - 2 potions of might {unknown}
 x - a potion of heal wounds {unknown}
 z - a potion of degeneration {unknown}


   Skills:
 + Level 3.7 Fighting
 + Level 3.1 Short Blades
 - Level 2.0 Throwing
 - Level 1.3 Dodging
 - Level 5.5 Stealth


You had 3 spell levels left.
You didn't know any spells.
Your spell library contained the following spells:

 Spells                   Type           Power      Damage    Failure   Level
 Apportation              Tloc           0%         N/A       36%         1
 Necrotise                Necr           0%         1d4       36%         1
 Sting                    Conj/Alch      0%         1d3       36%         1
 Summon Small Mammal      Summ           0%         N/A       36%         1
 Mercury Vapours          Alch/Air       0%         N/A       50%         2
 Olgreb's Toxic Radiance  Alch           0%         N/A       98%         4


Dungeon Overview and Level Annotations

Branches:
Dungeon (3/15)

Altars:
Ashenzari


Innate Abilities, Weirdness & Mutations

((You are very nimble when in or above water. (Stealth+, EV+, Speed+++)))
Your lower body shifts to a powerful aquatic tail in water.


Message History

A magic dart appears from out of thin air!
The magic dart hits you.
You hit something but do no damage. Something hits you but does no damage.
You closely miss something. You hit something.
You hear some strange, mumbled words.
A puff of flame appears from out of thin air!
The puff of flame hits you!
* * * LOW HITPOINT WARNING * * *
You barely miss something. Something hits you but does no damage.
You barely miss something. Something barely misses you.
You hit something. Something hits you.
* * * LOW HITPOINT WARNING * * *
You completely miss something. Something hits you but does no damage.
You barely miss something. Something hits you.
* * * LOW HITPOINT WARNING * * *
Throw: 7 darts (poison)
Press: ? - help, Q - select action, (/) - cycle Shift-Dir - straight line You throw a poisoned dart.
Something hits you but does no damage.
Unknown command.
You miss something. You hit something. Something hits you but does no damage.
You miss something.
You hear some strange, mumbled words.
A puff of flame appears from out of thin air!
The puff of flame misses you.
You hit something but do no damage.
You hear some strange, mumbled words.
You are confused.
You barely miss something. Your punch misses something. Something hits you.
* * * LOW HITPOINT WARNING * * *
You're too confused to move!
Something hits you.
* * * LOW HITPOINT WARNING * * *
You hit something but do no damage. Something hits you.
* * * LOW HITPOINT WARNING * * *
You hear some strange, mumbled words.
A magic dart appears from out of thin air!
The magic dart hits you.
You die...

#..........####.....#######
##.........<....(..........
#....................######
#
#..........####.......#####
##.#....(.....#
#.....#.....#
.............o#
#.#.#######<.
..............# ##.#.# ###
...##.....)..####..#.###
... ##......#@{.)......# ..
##.#..............#
#....#...........#
####...##...#.####
##..........# #.###..##..#
#.###......## ###
##...).......# ####..
#..........#.###....#


There were no monsters in sight!

Vanquished Creatures
  A gnoll (D:1)
  An adder (D:2)
  A shadow imp (D:3)
  A dart slug (D:1)
  A ribbon worm (D:2)
  2 orcs
  5 ball pythons
  4 endoplasms
  4 giant cockroaches
  7 hobgoblins
  6 jackals (D:1)
  5 kobolds
  4 bats
  5 frilled lizards
  5 goblins
  7 rats
59 creatures vanquished.

Notes
Turn   | Place    | Note
-------+----------+-------------------------------------------
     0 | D:1      | Fractals the Merfolk Brigand began the quest for the Orb.
     0 | D:1      | Reached XP level 1. HP: 16/16 MP: 1/1
   117 | D:1      | Reached XP level 2. HP: 23/23 MP: 2/2
   330 | D:1      | Reached XP level 3. HP: 28/28 MP: 3/3
   341 | D:1      | Reached skill level 5 in Stealth
   908 | D:2      | Reached XP level 4. HP: 34/35 MP: 4/4
  1280 | D:2      | Found a broken altar of Ashenzari.
  2009 | D:3      | HP: 1/37 [something (2)]
  2010 | D:3      | Killed from afar by an orc wizard

Illustrated notes

Levels and vault maps discovered:
D:1:      dpeg_arrival_shrine, layout_loops_ring
D:2:      layout_rooms, basic_altar, roderic_roman_lattice,
          minmay_split_cup_small
D:3:      layout_rooms, kennysheep_generic_room_4

Skill      XL: |  1  2  3 |
---------------+----------+-----
Short Blades   | 3 |  3.1
Stealth        | 5 |  5.5
Fighting       | 3 |  3.7
Throwing       | |  2.0
Dodging        | |  1.3

Action                     |  1- 3 |  4- 6 || total
---------------------------+-------+-------++-------
  Melee: Dagger            |    89 |   120 ||   209
         Punch             |     1 |       ||     1
  Throw: Dart              |     3 |     6 ||     9
    Use: Scroll            |       |     1 ||     1
   Stab: Sleeping          |    11 |     4 ||    15
 Armour: Robe              |    36 |    68 ||   104
  Dodge: Dodged            |    43 |    48 ||    91
